 Dungeon Sprint DCSS version 0.29-a0-542-g075992c915 (webtiles) character file.

Game seed: 4845870625813296445

99563 purpskrrrp the Skullcrusher (level 26, -6/210 HPs)
             Began as a Troll Fighter on June 4, 2022.
             Was the Champion of Qazlal.
             Hit by a javelin thrown by a merfolk javelineer (8 damage)
             ... in the Dungeon (Sprint VI: "Thunderdome").
             The game lasted 01:46:57 (4259 turns).

purpskrrrp the Skullcrusher (Troll Fighter)         Turns: 4259, Time: 01:46:59

Health: -6/210     AC: 17    Str: 42    XL:     26   Next: 90%
Magic:  37/37      EV: 19    Int:  6    God:    Qazlal [******]
Gold:   9303       SH: 13    Dex:  9    Spells: 28/28 levels left

rFire   + + .      SeeInvis .   s - +8 giant spiked club (venom)
rCold   + + +      Faith    .   (shield currently unavailable)
rNeg    . . .      Spirit   .   k - +4 troll leather armour
rPois   .          Reflect  +   z - +2 hat of Activism {rF+ MP+9 Str+3 Slay+2}
rElec   .          Harm     .   t - +2 cloak of Mekhlam {Int+6 Dex+4}
rCorr   +          Rampage  .   (gloves unavailable)
Will    +....      Rage     1%  (boots unavailable)
Stlth   +......... NoTele   +   p - amulet of Laub Umn {Reflect -Cast rC+++ Regen+ rCorr SH+5}
HPRegen 2.85/turn  NoCast   +   q - ring "Cuquqixu" {+Blink rF+}
MPRegen 0.25/turn               r - ring "Epofugi" {MP+9 EV+4 Str+4 Stlth+}

@: lethally poisoned (-6 -> -6), protected from physical damage, repel missiles,
unable to read
A: large, unfitting armour, claws 3, regeneration 1, shaggy fur 1, tough skin 1,
beak, horns 1, berserk 1, clumsy 2, deformed body, deterioration 2, dopey 2,
frail 3, low MP 2, screaming 2, weak 2, no potion heal 2, subdued magic 2,
inability to read while threatened, devolution 1
}: 5/15 runes: serpentine, slimy, elven, silver, gossamer
a: Renounce Religion, Evoke Blink, Upheaval, Elemental Force, Disaster Area


You were in the Dungeon.
You worshipped Qazlal.
Qazlal was exalted by your worship.
You visited 1 branch You collected 16350 gold pieces.
You spent 7047 gold pieces at shops.

Inventory:

Hand Weapons
 a - a +0 flail
 d - a +0 giant club of freezing
 l - a +9 club of distortion
 s - a +8 giant spiked club of venom (weapon)
 G - a +3 dire flail of holy wrath
Missiles
 i - 3 throwing nets
Armour
 b - a +0 robe
 c - a +0 kite shield
 k - a +4 troll leather armour (worn)
 t - the +2 cloak of Mekhlam (worn) {Int+6 Dex+4}
   (You bought it in a shop in the Dungeon)

   Int:       It affects your intelligence (+6).
   Dex:       It affects your dexterity (+4).
 u - +0 storm dragon scales
 y - the +2 cloak "Bificyi" {rC++ Int-3 Stlth+}
   (You bought it in a shop in the Dungeon)

   Int:       It affects your intelligence (-3).
   rC:        It greatly protects you from cold.
   Stlth:     It makes you more stealthy.
 z - the +2 hat of Activism (worn) {rF+ MP+9 Str+3 Slay+2}
   (You bought it in a shop in the Dungeon)

   Str:       It affects your strength (+3).
   Slay:      It affects your accuracy & damage with ranged weapons and melee
   (+2).
   rF:        It protects you from fire.
   MP:        It affects your magic capacity (+9).
Jewellery
 e - the ring "Ewiequs" {Wiz rN+}
   (You bought it in a shop in the Dungeon)

   [ring of wizardry]

   It improves your spell success rate.
   rN:        It protects you from negative energy.
 m - the ring "Atyfos" {rPois rC- EV+4 Int+6 Dex-3}
   (You bought it in a shop in the Dungeon)

   [ring of evasion]

   EV:        It affects your evasion (+4).
   Int:       It affects your intelligence (+6).
   Dex:       It affects your dexterity (-3).
   rC:        It makes you vulnerable to cold.
   rPois:     It protects you from poison.
 o - the ring "Iniduqinn" {Wiz Dex+4}
   (You bought it in a shop in the Dungeon)

   [ring of wizardry]

   It improves your spell success rate.
   Dex:       It affects your dexterity (+4).
 p - the amulet of Laub Umn (around neck) {Reflect -Cast rC+++ Regen+ rCorr SH+5}
   (You bought it in a shop in the Dungeon)

   [amulet of reflection]

   It reflects blocked missile attacks.
   rC:        It renders you almost immune to cold.
   -Cast:     It prevents spellcasting.
   Regen:     It increases your rate of health regeneration.
   rCorr:     It protects you from acid and corrosion.
   SH:        It affects your SH (+5).
 q - the ring "Cuquqixu" (left claw) {+Blink rF+}
   (You bought it in a shop in the Dungeon)

   [ring of protection from fire]

   rF:        It protects you from fire.
   +Blink:    It lets you blink.
 r - the ring "Epofugi" (right claw) {MP+9 EV+4 Str+4 Stlth+}
   (You bought it in a shop in the Dungeon)

   [ring of evasion]

   EV:        It affects your evasion (+4).
   Str:       It affects your strength (+4).
   MP:        It affects your magic capacity (+9).
   Stlth:     It makes you more stealthy.
 w - the ring "Laijaec" {rF+ rCorr}
   (You found it in the Dungeon)

   [ring of protection from fire]

   rF:        It protects you from fire.
   rCorr:     It protects you from acid and corrosion.
 A - the ring "Doucoypt" {rPois rF- Will+++ rCorr Dex-4}
   (You bought it in a shop in the Dungeon)

   [ring of poison resistance]

   Dex:       It affects your dexterity (-4).
   rF:        It makes you vulnerable to fire.
   rPois:     It protects you from poison.
   rCorr:     It protects you from acid and corrosion.
   Will:      It greatly increases your willpower.
 B - the ring "Uvoket" {Fire *Slow rElec rN+++ Will-}
   (You bought it in a shop in the Dungeon)

   [ring of fire]

   It enhances your fire magic.
   rF:        It protects you from fire.
   rC:        It makes you vulnerable to cold.
   rElec:     It insulates you from electricity.
   rN:        It renders you almost immune to negative energy.
   *Slow:     It may slow you when you take damage.
   Will:      It decreases your willpower.
 C - the ring of Kasi {rF+ Int+4}
   (You bought it in a shop in the Dungeon)

   [ring of protection from fire]

   Int:       It affects your intelligence (+4).
   rF:        It protects you from fire.
 D - the ring of Huithenk {Fire Will+}
   (You bought it in a shop in the Dungeon)

   [ring of fire]

   It enhances your fire magic.
   rF:        It protects you from fire.
   rC:        It makes you vulnerable to cold.
   Will:      It increases your willpower.
 E - the ring of Wod Pay {MP+9 Dex+6}
   (You bought it in a shop in the Dungeon)

   [ring of dexterity]

   Dex:       It affects your dexterity (+6).
   MP:        It affects your magic capacity (+9).
Scrolls
 j - 4 scrolls of blinking
 n - 3 scrolls of fog
 x - 4 scrolls of enchant armour
Potions
 f - 3 potions of heal wounds
 g - 2 potions of haste
 h - 2 potions of magic
Miscellaneous
 v - a quad damage
 F - a phial of floods


   Skills:
 + Level 24.1 Fighting
 + Level 2.4(2.9) Short Blades
 + Level 2.4(2.9) Long Blades
 + Level 2.3(16.9) Axes
 O Level 27 Maces & Flails
 + Level 2.4(3.4) Polearms
 + Level 2.4(16.9) Staves
 + Level 2.0(2.4) Slings
 + Level 2.0 Bows
 + Level 1.9 Crossbows
 + Level 2.6(3.2) Throwing
 + Level 8.7 Armour
 + Level 18.1 Dodging
 + Level 4.2 Stealth
 + Level 21.0 Shields
 + Level 3.1 Unarmed Combat
 + Level 1.9 Spellcasting
 + Level 2.4 Conjurations
 + Level 2.1 Hexes
 + Level 2.3 Summonings
 + Level 2.6 Necromancy
 + Level 2.3 Translocations
 + Level 2.3 Transmutations
 + Level 2.4 Fire Magic
 + Level 2.5 Ice Magic
 + Level 2.2 Air Magic
 + Level 3.1 Earth Magic
 + Level 2.2 Poison Magic
 + Level 3.1 Invocations
 + Level 4.7 Evocations


You had 28 spell levels left.
You didn't know any spells.
Your spell library contained the following spells:

 Spells                   Type           Power      Damage    Failure   Level
 Dazzling Flash           Conj/Hex       4%         N/A       36%         3
 Agony                    Necr           2%         N/A       98%         5
 Silence                  Hex/Air        1%         N/A       99%         5


Dungeon Overview and Level Annotations

Branches:
Dungeon (1/1)

Altars:
Cheibriados
Dithmenos
Fedhas
Gozag
Kikubaaqudgha
Makhleb
Okawaru
Qazlal
Ru
Sif Muna
Trog
Uskayaw
Vehumet
Wu Jian
Xom
Yredelemnul
Zin
The Shining One
Beogh
Lugonu

Shops:
D *[??*?*:[((!!!


Innate Abilities, Weirdness & Mutations

You are too large for most types of armour.
You have claws for hands.
Your natural rate of healing is unusually fast.
You are covered in fur. (AC +1)
You have tough skin. (AC +1)
You have a beak for a mouth.
You have a pair of small horns on your head.
You tend to lose your temper in combat.
You are very clumsy. (Dex -4)
Armour fits poorly on your strangely shaped body.
Your body often deteriorates upon taking damage.
You are very dopey. (Int -4)
You are extremely frail. (-30% HP)
Your magical capacity is very low. (-20% MP)
You frequently scream uncontrollably at your foes.
You are very weak. (Str -4)
Potions cannot restore your health.
Your spells are easier to cast, but less powerful.
You sometimes lose the ability to read scrolls when taking damage.
You have hidden genetic defects.


Message History

The merfolk javelineer is engulfed in freezing vapours.
You block the merfolk javelineer's attack.
The merfolk impaler barely misses you.
The merfolk impaler completely misses you.
The merfolk javelineer is struck by lightning.
The merfolk javelineer barely misses you.
You closely miss the merfolk impaler. You headbutt the merfolk impaler!
You kill the merfolk impaler!
Qazlal accepts your kill.
You feel sick.
The merfolk impaler hits you from afar with a +0 trident of venom!
* * * LOW HITPOINT WARNING * * *
The merfolk javelineer is engulfed in freezing vapours.
The merfolk javelineer barely misses you.
You block the merfolk impaler's attack.
You feel sick.
The merfolk javelineer is struck by lightning.
The merfolk javelineer throws a javelin.
The javelin barely misses you.
The merfolk impaler hits you with a +0 trident of venom!
* * * LOW HITPOINT WARNING * * *
You are more poisoned.
The merfolk javelineer is engulfed in freezing vapours.
The merfolk javelineer throws a silver javelin.
The silver javelin pierces through you.
* * * LOW HITPOINT WARNING * * *
The silver sears you!
* * * LOW HITPOINT WARNING * * *
Aim the phial where?
Press: ? - help, Shift-Dir - straight line, f - merfolk javelineer
Aim: a merfolk javelineer, wielding a +0 spear, wearing a +0 leather armour and quivering javelins (heavily wounded)
Okay, then.
Unknown command.
You bludgeon the merfolk javelineer!!
You kill the merfolk javelineer!
Qazlal accepts your kill.
You feel very sick.
The merfolk javelineer throws a javelin.
The javelin pierces through you!
You die...

#.....# ##.....## ##∩...).∩##
#∩..)....∩# #_....).._#
#_...m..._# #_).)[.))°#
###.)..m).○§### #⌠)))[.°@(§.)⌠#
######.8.[.[.○)§.8)######
##.___..)..[###.○.)...__∩##
###∩......))8.# #.8.)......∩###
#...[.....)).[###.)........)..##
⌠...[.....[###..[###...[......⌠#
⌠..........# #.<.###..........⌠#
⌠.......[).###....#...........⌠#
#......)..))..#...............##


You could see a merfolk impaler and a merfolk javelineer.

Vanquished Creatures
  Dissolution (D)
  An orb of fire (D)
  2 ancient liches (D)
  A deep elf elementalist (D)
  2 Killer Klowns (D)
  Frederick (D)
  3 Brimstone Fiends (D)
  2 liches (D)
  A storm dragon (D)
  A fire giant (D)
  A balrug (D)
  A wolf spider (D)
  4 green deaths (D)
  11 ettins (D)
  5 merfolk impalers (D)
  6 merfolk javelineers (D)
  3 vault guards (D)
  3 ogre magi (D)
  Harold (D)
  3 hydras (D)
  10 boulder beetles (D)
  Erica (D)
  10 two-headed ogres (D)
  5 merfolk aquamancers (D)
  12 catoblepae (D)
  A satyr (D)
  2 vampire magi (D)
  5 sun demons (D)
  4 hell knights (D)
  Aizul (D)
  10 orb spiders (D)
  7 death drakes (D)
  3 wizards (D)
  A swamp dragon (D)
  A deep elf pyromancer (D)
  4 necromancers (D)
  A cyclops (D)
  A manticore (D)
  3 moths of wrath (D)
  16 shining eyes (D)
  2 naga magi (D)
  A hellion (D)
  7 queen bees (D)
  A meliai (shapeshifter) (D)
  3 wind drakes (D)
  A hornet (shapeshifter) (D)
  A slime creature (D)
  A blink frog (shapeshifter) (D)
  3 air elementals (D)
  A spriggan (shapeshifter) (D)
  A yak (D)
  A human (shapeshifter) (D)
  17 neqoxecs (D)
  A redback (shapeshifter) (D)
  A vampire mosquito (D)
  9 floating eyes (D)
  5 sky beasts (D)
  An ice beast (shapeshifter) (D)
  An ogre (shapeshifter) (D)
  An ogre (D)
  5 scorpions (D)
  9 killer bees (D)
  7 vampire bats (D)
  6 orc priests (D)
  Jessica (D)
  An orc wizard (D)
  An endoplasm (D)
  A hobgoblin (D)
  A ball python (D)
  A fire vortex (D)
243 creatures vanquished.

Notes
Turn   | Place    | Note
-------+----------+-------------------------------------------
     0 | D        | purpskrrrp the Troll Fighter began the quest for the Orb.
     0 | D        | Reached XP level 1. HP: 22/22 MP: 0/0
     0 | D        | Found a basalt altar of Yredelemnul.
     1 | D        | Found a glowing golden altar of the Shining One.
     1 | D        | Found a bloodstained altar of Trog.
     2 | D        | Found a shimmering blue altar of Sif Muna.
     3 | D        | Found a burning altar of Makhleb.
     3 | D        | Found a shadowy altar of Dithmenos.
     3 | D        | Found a corrupted altar of Lugonu.
     3 | D        | Found Wurphoung's Premium Goods.
     3 | D        | Found Waich's Weapon Rack.
     4 | D        | Found Wegid's Miscellaneous Merchandise.
     4 | D        | Found Puet's Basic Armour.
     5 | D        | Round 1.
    12 | D        | Found Qynix's Identification Station.
    12 | D        | Found Qami's Advanced Armour.
    13 | D        | Found Movobant's Jewellery.
    14 | D        | Found a glowing silver altar of Zin.
    14 | D        | Found a radiant altar of Vehumet.
    14 | D        | Found a stormy altar of Qazlal.
    17 | D        | Noticed an ogre
    18 | D        | Found a sacrificial altar of Ru.
    24 | D        | Killed an ogre
    25 | D        | Reached skill level 2 in Maces & Flails
    25 | D        | Reached skill level 5 in Shields
    25 | D        | Reached XP level 2. HP: 33/33 MP: 1/1
    25 | D        | Reached XP level 3. HP: 40/40 MP: 2/2
    25 | D        | Reached XP level 4. HP: 49/49 MP: 3/3
    39 | D        | Became a worshipper of Qazlal Stormbringer
    44 | D        | Found a shimmering altar of Xom.
    44 | D        | Found an iron altar of Okawaru.
    44 | D        | Found Voung's Magic Scroll Shop.
    44 | D        | Found Lyppidiu's Magic Scroll Shop.
    45 | D        | Found Evamuaga's Must-Have Magic.
    46 | D        | Found an opulent altar of Gozag.
    46 | D        | Found a snail-covered altar of Cheibriados.
    46 | D        | Found an ancient bone altar of Kikubaaqudgha.
    46 | D        | Found Mehynagh's Staff Store.
    54 | D        | Found an ornate altar of the Wu Jian Council.
    55 | D        | Found Yfaesig's Distillery.
    56 | D        | Found Zidij's Distillery.
    56 | D        | Found Reenaw's Bottled Wisdom.
    56 | D        | Found a hide-covered altar of Uskayaw.
    56 | D        | Found a blossoming altar of Fedhas.
    56 | D        | Found Yken's Do-It-Yourself Clinic.
    92 | D        | Reached * piety under Qazlal
   116 | D        | Bought a twitching marble ring for 45 gold pieces
   116 | D        | Identified the ring "Iniduqinn" {Wiz Dex+4} (You bought it
                  | in a shop in the Dungeon)
   116 | D        | Bought an ancient iron amulet for 45 gold pieces
   116 | D        | Identified the amulet of Laub Umn {Reflect -Cast rC+++
                  | Regen+ rCorr SH+5} (You bought it in a shop in the Dungeon)
   116 | D        | Bought a heavily runed granite ring for 45 gold pieces
   116 | D        | Identified the ring "Cuquqixu" {+Blink rF+} (You bought it
                  | in a shop in the Dungeon)
   142 | D        | Noticed Jessica
   150 | D        | Killed Jessica
   150 | D        | Arena points: 12 (+12) [x2]
   151 | D        | Reached skill level 3 in Maces & Flails
   202 | D        | Round 2.
   211 | D        | Noticed a scorpion
   213 | D        | Reached skill level 5 in Fighting
   213 | D        | Reached skill level 4 in Maces & Flails
   213 | D        | Reached skill level 5 in Dodging
   213 | D        | Reached XP level 5. HP: 49/57 MP: 4/4
   226 | D        | Reached ** piety under Qazlal
   227 | D        | Reached skill level 5 in Maces & Flails
   227 | D        | Reached XP level 6. HP: 53/67 MP: 5/5
   231 | D        | Reached skill level 6 in Maces & Flails
   257 | D        | Arena points: 54 (+42) [x3]
   258 | D        | Reached skill level 7 in Maces & Flails
   272 | D        | Round 3.
   274 | D        | Bought 2 potions of mutation for 112 gold pieces
   274 | D        | Gained mutation: You are somewhat resistant to further
                  | mutation. [potion of mutation]
   275 | D        | Lost mutation: You are somewhat resistant to further
                  | mutation. [potion of mutation]
   275 | D        | Gained mutation: You occasionally shout uncontrollably at
                  | your foes. [potion of mutation]
   275 | D        | Gained mutation: You have a pair of small horns on your
                  | head. [potion of mutation]
   283 | D        | Reached *** piety under Qazlal
   291 | D        | Reached XP level 7. HP: 55/76 MP: 6/6
   319 | D        | Reached **** piety under Qazlal
   319 | D        | Arena points: 138 (+84) [x4]
   339 | D        | Round 4.
   348 | D        | Reached skill level 8 in Maces & Flails
   361 | D        | Bought a brightly glowing copper ring for 45 gold pieces
   361 | D        | Identified the ring "Ewiequs" {Wiz rN+} (You bought it in a
                  | shop in the Dungeon)
   361 | D        | Bought a slimy platinum ring for 45 gold pieces
   361 | D        | Identified the ring "Epofugi" {MP+9 EV+4 Str+4 Stlth+} (You
                  | bought it in a shop in the Dungeon)
   411 | D        | Reached ***** piety under Qazlal
   425 | D        | Reached skill level 9 in Maces & Flails
   425 | D        | Arena points: 298 (+160) [x5]
   435 | D        | Bought a scroll of brand weapon for 200 gold pieces
   499 | D        | Round 5.
   506 | D        | Noticed Aizul
   527 | D        | Killed Aizul
   527 | D        | Arena points: 543 (+245) [x7]
   528 | D        | Reached skill level 10 in Maces & Flails
   528 | D        | Reached skill level 1 in Evocations
   528 | D        | Reached XP level 8. HP: 87/87 MP: 7/7
   530 | D        | Got a serpentine rune of Zot
   567 | D        | Bought a +0 troll leather armour for 180 gold pieces
   583 | D        | Bought a +0 giant spiked club for 57 gold pieces
   715 | D        | Round 6.
   715 | D        | a shapeshifter changed into a human
   760 | D        | Noticed a polar bear
   762 | D        | a polar bear changed into an ice beast
   768 | D        | Reached skill level 11 in Maces & Flails
   772 | D        | Noticed a blink frog
   786 | D        | a shapeshifter changed into a naga
   794 | D        | Killed a blink frog
   803 | D        | Noticed a hornet
   803 | D        | a shapeshifter changed into a hornet
   807 | D        | Killed a hornet
   808 | D        | Reached XP level 9. HP: 92/96 MP: 8/8
   824 | D        | Reached skill level 12 in Maces & Flails
   824 | D        | Reached skill level 10 in Shields
   825 | D        | Noticed a meliai
   825 | D        | a shapeshifter changed into a meliai
   829 | D        | Killed a meliai
   829 | D        | Reached ****** piety under Qazlal
   829 | D        | Arena points: 927 (+384) [x8]
   838 | D        | Bought a scroll of brand weapon for 200 gold pieces
   909 | D        | Round 7.
   909 | D        | Noticed a two-headed ogre
   914 | D        | Killed a two-headed ogre
   915 | D        | Reached skill level 13 in Maces & Flails
   915 | D        | Reached skill level 1 in Armour
   915 | D        | Noticed Erica
   918 | D        | Noticed a manticore
   922 | D        | Noticed Harold
   931 | D        | Reached skill level 1 in Stealth
   931 | D        | Reached skill level 1 in Earth Magic
   931 | D        | Reached skill level 1 in Invocations
   931 | D        | Reached XP level 10. HP: 56/106 MP: 9/9
   933 | D        | Killed a manticore
   934 | D        | Killed Erica
   935 | D        | Reached skill level 14 in Maces & Flails
   937 | D        | Reached XP level 11. HP: 69/113 MP: 10/10
   940 | D        | Killed Harold
   940 | D        | Arena points: 1494 (+567) [x9]
   957 | D        | Bought 4 scrolls of enchant armour for 300 gold pieces
   978 | D        | Round 8.
   979 | D        | Bought a potion of mutation for 56 gold pieces
   979 | D        | Lost mutation: You have a pair of small horns on your head.
                  | [potion of mutation]
   979 | D        | Lost mutation: You occasionally shout uncontrollably at
                  | your foes. [potion of mutation]
   979 | D        | Gained mutation: You are frail. (-10% HP) [potion of
                  | mutation]
   979 | D        | Gained mutation: You have a pair of small horns on your
                  | head. [potion of mutation]
   979 | D        | Gained mutation: You possess an exceptional clarity of
                  | mind. [potion of mutation]
   980 | D        | Bought 3 potions of mutation for 168 gold pieces
   980 | D        | Lost mutation: You are frail. (-10% HP) [potion of
                  | mutation]
   980 | D        | Lost mutation: You possess an exceptional clarity of mind.
                  | [potion of mutation]
   980 | D        | Gained mutation: You are partially covered in iridescent
                  | scales. (AC +2) [potion of mutation]
   980 | D        | Gained mutation: You have a beak for a mouth. [potion of
                  | mutation]
  1101 | D        | Arena points: 2134 (+640) [x10]
  1102 | D        | Reached skill level 15 in Maces & Flails
  1175 | D        | Round 9.
  1300 | D        | Arena points: 3025 (+891) [x11]
  1315 | D        | Bought 8 scrolls of enchant weapon for 600 gold pieces
  1355 | D        | Round 10.
  1355 | D        | Noticed a dire wolf spider
  1370 | D        | Killed a dire wolf spider
  1370 | D        | Arena points: 4195 (+1170) [x13]
  1383 | D        | Got a gossamer rune of Zot
  1384 | D        | Reached skill level 16 in Maces & Flails
  1384 | D        | Reached skill level 1 in Fire Magic
  1384 | D        | Reached XP level 12. HP: 88/124 MP: 11/11
  1462 | D        | Bought a faintly glowing cloak for 332 gold pieces
  1462 | D        | Identified the +2 cloak of Mekhlam {Int+6 Dex+4} (You
                  | bought it in a shop in the Dungeon)
  1575 | D        | Round 11.
  1575 | D        | Noticed a storm dragon
  1581 | D        | Killed a storm dragon
  1582 | D        | Reached skill level 10 in Dodging
  1665 | D        | Reached skill level 17 in Maces & Flails
  1690 | D        | Arena points: 6197 (+2002) [x14]
  1727 | D        | Bought 3 potions of experience for 900 gold pieces
  1727 | D        | Reached skill level 10 in Fighting
  1727 | D        | Reached skill level 1 in Necromancy
  1727 | D        | Reached skill level 1 in Ice Magic
  1727 | D        | Reached XP level 13. HP: 133/133 MP: 13/13
  1728 | D        | Reached skill level 1 in Long Blades
  1728 | D        | Reached skill level 1 in Unarmed Combat
  1728 | D        | Reached skill level 1 in Conjurations
  1728 | D        | Reached skill level 1 in Summonings
  1728 | D        | Reached skill level 1 in Translocations
  1728 | D        | Reached skill level 1 in Transmutations
  1728 | D        | Reached skill level 1 in Poison Magic
  1728 | D        | Reached XP level 14. HP: 143/143 MP: 14/14
  1729 | D        | Reached skill level 1 in Short Blades
  1729 | D        | Reached skill level 1 in Axes
  1729 | D        | Reached skill level 1 in Polearms
  1729 | D        | Reached skill level 1 in Staves
  1729 | D        | Reached skill level 1 in Throwing
  1729 | D        | Reached skill level 1 in Hexes
  1729 | D        | Reached skill level 1 in Air Magic
  1729 | D        | Reached XP level 15. HP: 149/149 MP: 15/15
  1761 | D        | Round 12.
  1826 | D        | Reached skill level 18 in Maces & Flails
  1900 | D        | Reached skill level 19 in Maces & Flails
  1901 | D        | Arena points: 8177 (+1980) [x15]
  1915 | D        | Bought 2 potions of experience for 600 gold pieces
  1915 | D        | Reached skill level 1 in Slings
  1915 | D        | Reached skill level 1 in Spellcasting
  1915 | D        | Reached XP level 16. HP: 161/161 MP: 16/16
  1916 | D        | Reached skill level 1 in Bows
  1916 | D        | Reached skill level 1 in Crossbows
  1916 | D        | Reached XP level 17. HP: 169/169 MP: 17/17
  1961 | D        | Round 13.
  1991 | D        | Reached skill level 20 in Maces & Flails
  2008 | D        | Reached skill level 15 in Shields
  2041 | D        | Reached skill level 21 in Maces & Flails
  2043 | D        | Arena points: 10881 (+2704) [x16]
  2094 | D        | Round 14.
  2138 | D        | Reached skill level 22 in Maces & Flails
  2146 | D        | Reached XP level 18. HP: 182/182 MP: 18/18
  2168 | D        | Arena points: 13499 (+2618) [x17]
  2187 | D        | Bought 3 potions of experience for 900 gold pieces
  2187 | D        | Bought a potion of experience for 300 gold pieces
  2187 | D        | Reached XP level 19. HP: 189/189 MP: 19/19
  2188 | D        | Reached XP level 20. HP: 200/200 MP: 21/21
  2189 | D        | Reached XP level 21. HP: 208/208 MP: 22/22
  2190 | D        | Reached XP level 22. HP: 217/217 MP: 23/23
  2241 | D        | Round 15.
  2265 | D        | Identified the ring "Laijaec" {rF+ rCorr} (You found it in
                  | the Dungeon)
  2265 | D        | Arena points: 16634 (+3135) [x19]
  2266 | D        | Reached skill level 23 in Maces & Flails
  2266 | D        | Reached skill level 5 in Armour
  2274 | D        | Got an elven rune of Zot
  2290 | D        | Bought a potion of experience for 300 gold pieces
  2290 | D        | Reached XP level 23. HP: 224/224 MP: 24/24
  2291 | D        | Reached XP level 24. HP: 234/234 MP: 24/24
  2314 | D        | Bought a quad damage for 400 gold pieces
  2430 | D        | Round 16.
  2533 | D        | Reached skill level 24 in Maces & Flails
  2550 | D        | Noticed an ancient lich
  2559 | D        | Noticed an ancient lich
  2565 | D        | Killed an ancient lich
  2571 | D        | Killed an ancient lich
  2590 | D        | Noticed Frederick
  2598 | D        | Killed Frederick
  2598 | D        | Arena points: 21114 (+4480) [x20]
  2599 | D        | Reached skill level 25 in Maces & Flails
  2617 | D        | Round 17.
  2619 | D        | Bought 4 scrolls of enchant armour for 300 gold pieces
  2624 | D        | Noticed a Killer Klown
  2636 | D        | Noticed a Killer Klown
  2636 | D        | Killed a Killer Klown
  2650 | D        | Killed a Killer Klown
  2671 | D        | Reached skill level 15 in Fighting
  2726 | D        | Reached skill level 26 in Maces & Flails
  2744 | D        | Arena points: 26826 (+5712) [x21]
  2755 | D        | Bought a pitted cloak for 332 gold pieces
  2755 | D        | Identified the +2 cloak "Bificyi" {rC++ Int-3 Stlth+} (You
                  | bought it in a shop in the Dungeon)
  2755 | D        | Bought a brightly glowing hat for 315 gold pieces
  2755 | D        | Identified the +2 hat of Activism {rF+ MP+9 Str+3 Slay+2}
                  | (You bought it in a shop in the Dungeon)
  2801 | D        | Round 18.
  2875 | D        | Arena points: 31974 (+5148) [x22]
  2902 | D        | Bought a clouded iron ring for 45 gold pieces
  2902 | D        | Identified the ring "Atyfos" {rPois rC- EV+4 Int+6 Dex-3}
                  | (You bought it in a shop in the Dungeon)
  2902 | D        | Bought a coiled marble ring for 45 gold pieces
  2902 | D        | Identified the ring "Doucoypt" {rPois rF- Will+++ rCorr
                  | Dex-4} (You bought it in a shop in the Dungeon)
  2902 | D        | Bought a pitted ivory ring for 45 gold pieces
  2902 | D        | Identified the ring "Uvoket" {Fire *Slow rElec rN+++ Will-}
                  | (You bought it in a shop in the Dungeon)
  2902 | D        | Bought a clouded golden ring for 45 gold pieces
  2902 | D        | Identified the ring of Kasi {rF+ Int+4} (You bought it in a
                  | shop in the Dungeon)
  2902 | D        | Bought a glittering pewter ring for 45 gold pieces
  2902 | D        | Identified the ring of Huithenk {Fire Will+} (You bought it
                  | in a shop in the Dungeon)
  2902 | D        | Bought a glittering jade ring for 45 gold pieces
  2902 | D        | Identified the ring of Wod Pay {MP+9 Dex+6} (You bought it
                  | in a shop in the Dungeon)
  2902 | D        | Lost mutation: You are partially covered in iridescent
                  | scales. (AC +2) [potion of mutation]
  2902 | D        | Lost mutation: You have a pair of small horns on your head.
                  | [potion of mutation]
  2902 | D        | Gained mutation: You are clumsy. (Dex -2) [potion of
                  | mutation]
  2902 | D        | Gained mutation: You passively dampen the noise of your
                  | surroundings. [potion of mutation]
  2902 | D        | Gained mutation: You are partially covered in iridescent
                  | scales. (AC +2) [potion of mutation]
  2903 | D        | Lost mutation: You passively dampen the noise of your
                  | surroundings. [potion of mutation]
  2903 | D        | Lost mutation: You are partially covered in iridescent
                  | scales. (AC +2) [potion of mutation]
  2903 | D        | Gained mutation: You are weak. (Str -2) [potion of
                  | mutation]
  2903 | D        | Lost mutation: You are weak. (Str -2) [potion of mutation]
  2903 | D        | Gained mutation: You have a pair of small horns on your
                  | head. [potion of mutation]
  2941 | D        | Round 19.
  2959 | D        | Gained mutation: You are dopey. (Int -2) [a shining eye]
  2963 | D        | Gained mutation: You tend to lose your temper in combat. [a
                  | shining eye]
  2966 | D        | Reached skill level 27 in Maces & Flails
  2994 | D        | Gained mutation: You sometimes lose the ability to read
                  | scrolls when taking damage. [a shining eye]
  3000 | D        | Gained mutation: You have hidden genetic defects. [a
                  | shining eye]
  3002 | D        | Gained mutation: Potions are less effective at restoring
                  | your health. [a shining eye]
  3013 | D        | Gained mutation: You occasionally shout uncontrollably at
                  | your foes. [a shining eye]
  3015 | D        | Gained mutation: Your body sometimes deteriorates upon
                  | taking damage. [a shining eye]
  3027 | D        | Gained mutation: You are weak. (Str -2) [a shining eye]
  3072 | D        | Gained mutation: You are very weak. (Str -4) [a shining
                  | eye]
  3073 | D        | Gained mutation: Armour fits poorly on your strangely
                  | shaped body. [a shining eye]
  3076 | D        | Arena points: 39403 (+7429) [x23]
  3134 | D        | Round 20.
  3170 | D        | Arena points: 45903 (+6500) [x25]
  3173 | D        | Got a silver rune of Zot
  3175 | D        | Reached XP level 25. HP: 257/267 MP: 24/24
  3344 | D        | Round 21.
  3448 | D        | Noticed an orb of fire
  3449 | D        | Gained mutation: You frequently scream uncontrollably at
                  | your foes. [an orb of fire]
  3457 | D        | Gained mutation: You are very clumsy. (Dex -4) [an orb of
                  | fire]
  3464 | D        | Killed an orb of fire
  3464 | D        | Arena points: 53001 (+7098) [x26]
  3534 | D        | Round 22.
  3617 | D        | Gained mutation: You often lose your temper in combat.
                  | [hidden defects]
  3651 | D        | Arena points: 62505 (+9504) [x27]
  3714 | D        | Round 23.
  3725 | D        | Gained mutation: Potions cannot restore your health. [a
                  | neqoxec]
  3729 | D        | Gained mutation: Your body often deteriorates upon taking
                  | damage. [a neqoxec]
  3731 | D        | Gained mutation: You are frail. (-10% HP) [a neqoxec]
  3731 | D        | Gained mutation: You are very dopey. (Int -4) [a neqoxec]
  3736 | D        | Gained mutation: You are very frail. (-20% HP) [a neqoxec]
  3738 | D        | Lost mutation: You often lose your temper in combat. [a
                  | neqoxec]
  3744 | D        | Lost intelligence.
  3745 | D        | Gained mutation: Your spells are a little easier to cast,
                  | but a little less powerful. [a neqoxec]
  3753 | D        | Gained mutation: You are extremely frail. (-30% HP) [a
                  | neqoxec]
  3755 | D        | Gained mutation: You have terrible hidden genetic defects.
                  | [a neqoxec]
  3756 | D        | Reached skill level 15 in Dodging
  3757 | D        | Gained mutation: Your magical capacity is low. (-10% MP) [a
                  | neqoxec]
  3757 | D        | Gained mutation: Your magical capacity is very low. (-20%
                  | MP) [a neqoxec]
  3763 | D        | Arena points: 74097 (+11592) [x28]
  3784 | D        | Round 24.
  3806 | D        | Paralysed by a floating eye for 2 turns
  3818 | D        | Paralysed by a floating eye for 3 turns
  3829 | D        | Paralysed by a floating eye for 2 turns
  3859 | D        | Paralysed by a floating eye for 2 turns
  3878 | D        | Arena points: 88713 (+14616) [x29]
  3934 | D        | Round 25.
  3937 | D        | Noticed Dissolution
  3955 | D        | Killed Dissolution
  3955 | D        | Arena points: 99563 (+10850) [x31]
  3965 | D        | Got a slimy rune of Zot
  4124 | D        | Round 26.
  4206 | D        | Gained mutation: Your spells are easier to cast, but less
                  | powerful. [hidden defects]
  4206 | D        | Lost mutation: You have terrible hidden genetic defects.
                  | [hidden defects expressed]
  4256 | D        | Reached XP level 26. HP: 23/210 MP: 19/19
  4258 | D        | HP: 10/210 [merfolk impaler/+0 trident of venom (7)]
  4258 | D        | HP: 3/210 [merfolk javelineer/silver javelin (3)]
  4259 | D        | Hit by a javelin thrown by a merfolk javelineer

Illustrated notes

Levels and vault maps discovered:
D:        arena_sprint

Skill      XL: |  1  2  3  4  5  6  7  8  9 10 11 12 13 14 15 16 17 18 19 20 21 22 23 24 25 |
---------------+----------------------------------------------------------------------------+-----
Fighting       | 4 5 6 7 8 9 10 12 18 24 | 24.1
Maces & Flails | 2 4 5 7 10 11 13 14 16 17 19 22 23 27 | 27.0
Dodging        | 4 5 6 8 9 10 11 13 18 | 18.1
Shields        | 5 6 7 8 9 11 12 13 14 15 17 21 | 21.0
Evocations     | 1 2 3 4 |  4.7
Armour         | 1 2 3 4 5 7 8 |  8.7
Stealth        | 1 2 3 4 |  4.2
Earth Magic    | 1 2 3 |  3.1
Invocations    | 1 2 3 |  3.1
Fire Magic     | 1 2 |  2.4
Necromancy     | 1 2 |  2.6
Ice Magic      | 1 2 |  2.5
Long Blades    | 1 2 |  2.4
Unarmed Combat | 1 2 3 |  3.1
Conjurations   | 1 2 |  2.4
Summonings     | 1 2 |  2.3
Translocations | 1 2 |  2.3
Transmutations | 1 2 |  2.3
Poison Magic   | 1 2 |  2.2
Short Blades   | 1 2 |  2.4
Axes           | 1 2 |  2.3
Polearms       | 1 2 |  2.4
Staves         | 1 2 |  2.4
Throwing       | 1 2 |  2.6
Hexes          | 1 2 |  2.1
Air Magic      | 1 2 |  2.2
Slings         | 1 2 |  2.0
Spellcasting   | 1 |  1.9
Bows           | 1 2 |  2.0
Crossbows      | 1 |  1.9

Action                   |  1- 3 |  4- 6 |  7- 9 | 10-12 | 13-15 | 16-18 | 19-21 | 22-24 | 25-27 || total
-------------------------+-------+-------+-------+-------+-------+-------+-------+-------+-------++-------
Melee: Flail             |     2 |    44 |    49 |       |       |       |       |       |       ||    95
       Headbutt          |       |     1 |     6 |    17 |     1 |    18 |       |    50 |    41 ||   134
       Giant spiked club |       |       |    30 |    82 |    12 |    59 |       |   187 |   173 ||   543
       Peck              |       |       |       |     8 |     2 |    24 |       |    59 |    46 ||   139
Evoke: Wand              |       |     3 |     4 |     1 |       |       |       |     2 |       ||    10
  Use: Potion            |     1 |     4 |     5 |     5 |     3 |     2 |     3 |     5 |     1 ||    29
       Scroll            |       |       |     2 |    12 |       |       |       |       |       ||    14
Armor: Robe              |       |     5 |     6 |       |       |       |       |       |       ||    11
       Troll leather arm |       |       |     5 |    14 |       |     3 |       |    34 |    61 ||   117
Dodge: Dodged            |     1 |    13 |    37 |    34 |       |    23 |       |    31 |   156 ||   295
       Repelled          |       |       |     2 |     2 |       |       |       |     3 |     5 ||    12
Block: Kite shield       |       |    35 |    48 |       |       |       |       |       |       ||    83
       Reflection        |       |       |     1 |     1 |       |       |       |     3 |     6 ||    11
       Other             |       |       |    25 |    42 |     4 |    22 |       |    47 |   116 ||   256

Table legend: (Time is in decaauts)
 A = Elapsed time spent in this place.
 B = Non-inter-level travel time spent in this place.
 C = Inter-level travel time spent in this place.
 D = Time resting spent in this place.
 E = Time spent auto-exploring this place.
 F = Levels seen in this place.
 G = Mean time per level.
                   A        B        C        D        E       F      G
               +--------+--------+--------+--------+--------+-----+--------+
         Total |   4203 |   2759 |   1444 |   1030 |     35 |   1 | 4203.0 |
       Dungeon |   4203 |   2759 |   1444 |   1030 |     35 |   1 | 4203.0 |
               +--------+--------+--------+--------+--------+-----+--------+

Top non-repeatable levels by time:
       D: 4203 daAuts
